 Dungeon Crawl Stone Soup version 0.27-a0-170-g607d9e9d85 (webtiles) character file.

Game seed: 7727827327649790642

117184 dolemite99 the Executioner (level 16, -28/149 HPs)
             Began as a Hill Orc Fighter on Jan 28, 2021.
             Was a High Priest of Ashenzari.
             Killed from afar by a deep elf knight (42 damage)
             ... with a shard of ice
             ... on level 14 of the Dungeon on Jan 29, 2021.
             The game lasted 01:08:31 (43242 turns).

dolemite99 the Executioner (Hill Orc Fighter)      Turns: 43242, Time: 01:08:32

Health: -28/149    AC: 25    Str: 25    XL:     16   Next: 73%
Magic:  16/16      EV:  8    Int:  8    God:    Ashenzari [*****.]
Gold:   867        SH:  0    Dex: 14    Spells: 11/15 levels left

rFire    + . .     SeeInvis +   a - +2 executioner's axe (vorpal) (curse)
rCold    . . .     Faith    .   (shield currently unavailable)
rNeg     . . .     Spirit   .   T - +0 plate armour (curse)
rPois    .         Reflect  .   u - +2 helmet (curse)
rElec    .         Harm     .   (no cloak)
rCorr    +         Rampage  .   l - +2 pair of gloves (curse)
Will     +....     Clarity  +   (no boots)
Stlth    ..........             m - amulet of magic regeneration
HPRegen  0.34/turn              s - ring of the Castellan {rF+ rCorr Dex+3}
MPRegen  0.40/turn              i - ring of flight

@: slowed, very slow
A: no striking features
a: Renounce Religion, Evoke Flight, Curse Item, Scrying, Transfer Knowledge


You were on level 14 of the Dungeon.
You worshipped Ashenzari.
Ashenzari was extremely pleased with you.
You visited 4 branches of the dungeon, and saw 23 of its levels.

You collected 3341 gold pieces.
You spent 2474 gold pieces at shops.

Inventory:

Hand Weapons
 a - a cursed +2 vorpal executioner's axe (weapon)
 f - a +5 vorpal arbalest
 o - a +1 broad axe of freezing
 w - a +1 flail of draining
 y - a +5 vorpal broad axe
 B - a +0 dagger
Missiles
 d - 36 boomerangs (quivered)
 k - 126 poisoned darts
 D - 3 javelins
 G - 5 atropa-tipped darts
Armour
 l - a cursed +2 pair of gloves (worn)
 u - a cursed +2 helmet (worn)
 T - a cursed +0 plate armour (worn)
Jewellery
 i - a ring of flight (right hand)
 m - an amulet of magic regeneration (around neck)
 n - an uncursed ring of poison resistance
 p - the ring of Mautih {Str+4 SInv}
   (You found it on level 11 of the Dungeon)

   [ring of see invisible]

   It affects your strength (+4).
   It lets you see invisible.
 s - the ring of the Castellan (left hand) {rF+ rCorr Dex+3}
   (You found it on level 5 of the Lair of Beasts)

   [ring of resist corrosion]

   It affects your dexterity (+3).
   It protects you from fire.
   It provides partial protection from all sources of acid and corrosion.
 F - an uncursed ring of positive energy
 I - the ring of Enwar {rC+ MP+9}
   (You found it on level 14 of the Dungeon)

   [ring of magical power]

   It protects you from cold.
   It affects your magic capacity (+9).
 L - a +4 ring of protection
 M - a +4 ring of evasion
 N - an uncursed ring of protection from fire
 S - a +6 ring of strength
Wands
 h - a wand of flame (24)
 v - a wand of digging (7)
 K - a wand of polymorph (23)
 O - a wand of random effects (18)
 U - a wand of enslavement (22)
Scrolls
 b - a scroll of holy word
 c - 4 scrolls of teleportation
 e - a scroll of fear
 t - 4 scrolls of vulnerability
 x - a scroll of brand weapon {unknown}
 z - a scroll of silence
 A - 5 scrolls of identify {@r1}
 C - 2 scrolls of fog
 J - 3 scrolls of magic mapping
 V - 4 scrolls of remove curse {@r2}
Potions
 j - 4 potions of ambrosia
 q - 4 potions of brilliance
 r - a potion of cancellation
 E - 5 potions of curing
 H - a potion of resistance
 P - 2 potions of berserk rage
 R - 4 potions of attraction
 X - a potion of invisibility
 Y - 2 potions of magic
 Z - a potion of lignification
Miscellaneous
 g - a condenser vane
 Q - a tin of tremorstones (inert)
 W - a phantom mirror (inert)


   Skills:
 + Level 15.6 Fighting
 - Level 22.6(26.6) Axes
 + Level 13.9(17.5) Armour
 - Level 6.7 Shields
 - Level 11.4 Evocations


You had 11 spell levels left.
You knew the following spells:

 Your Spells              Type           Power        Failure   Level
a - Call Imp              Summ           0%           99%         2
b - Poisonous Vapours     Pois/Air       0%           99%         2

Your spell library contained the following spells:

 Spells                   Type           Power        Failure   Level
 Apportation              Tloc           0%           95%         1
 Corona                   Hex            0%           95%         1
 Sting                    Tmut/Pois      0%           95%         1
 Summon Small Mammal      Summ           0%           95%         1
 Blink                    Tloc           N/A          99%         2
 Ensorcelled Hibernation  Hex/Ice        0%           99%         2
 Slow                     Hex            0%           99%         2
 Call Canine Familiar     Summ           0%           100%        3
 Ignite Poison            Fire/Tmut/Pois 0%           100%        3
 Inner Flame              Hex/Fire       0%           100%        3
 Mephitic Cloud           Conj/Pois/Air  0%           100%        3
 Portal Projectile        Hex/Tloc       0%           100%        3
 Summon Guardian Golem    Hex/Summ       0%           100%        3
 Cause Fear               Hex            0%           100%        4
 Iskenderun's Mystic Bla  Conj/Tloc      0%           100%        4
 Leda's Liquefaction      Hex/Erth       0%           100%        4
 Olgreb's Toxic Radiance  Pois           0%           100%        4
 Passage of Golubria      Tloc           N/A          100%        4
 Summon Ice Beast         Ice/Summ       0%           100%        4
 Summon Lightning Spire   Summ/Air       0%           100%        4
 Ozocubu's Refrigeration  Ice            0%           100%        7


Dungeon Overview and Level Annotations

Branches:
Dungeon (14/15)            Temple (1/1) D:4            Lair (6/6) D:11
 Shoals (0/4) Lair:4        Snake (0/4) Lair:2        Slime (0/5) Lair:6
    Orc (2/2) D:11            Elf (0/3) Orc:2
 Vaults: D:13-14

Altars:
Ashenzari
Cheibriados
Dithmenos
Elyvilon
Fedhas
Gozag
Hepliaklqana
Kikubaaqudgha
Makhleb
Nemelex Xobeh
Okawaru
Qazlal
Ru
Sif Muna
Trog
Uskayaw
Vehumet
Wu Jian
Xom
Yredelemnul
Zin
The Shining One
Jiyva

Shops:
D:7 (   D:11 *   Orc:1 !   Orc:2 *?((

Annotations:
D:5 exclusion: upstairs
D:9 3 runed translucent doors, LucyFreshmuffins's ghost, novice DEHu
D:10 exclusion: downstairs
Lair:3 1 runed translucent door
Lair:6 exclusion: 2 oklob plants


Message History

A yaktaur comes into view.
The deep elf knight gestures at you while chanting.
The shard of ice hits you!!
* * * LOW HITPOINT WARNING * * *
The deep elf knight blocks your centaur warrior's attack.
You miss the deep elf knight. You slash the yaktaur!
The deep elf knight blocks your centaur warrior's attack.
The deep elf knight hits you but does no damage.
The yaktaur hits you.
* * * LOW HITPOINT WARNING * * *
Your centaur warrior completely misses the deep elf knight.
You closely miss the deep elf knight. You carve the yaktaur like a ham!!!
You kill the yaktaur!
Your centaur warrior barely misses the deep elf knight.
The deep elf knight hits you but does no damage.
You miss the deep elf knight.
The deep elf knight blocks your centaur warrior's attack.
The deep elf knight points at you and mumbles some strange words.
The shard of ice hits you!!!
You die...

, , , ,, * * *,, .## .# . , ,
*, #.#..#.# * *
*,.##.#..#.##.,** * *
*......c.). *,,,,
#######.#..#.#####∆,,,,
#................,,, ,
#.......)...... ,
,**###@#).#.###* ,,, *
#..)ec.....#,####*
*,#..##.#).#.##..#..#
#.*,#.#..#.#c ##.# #.# ∆
.##.)##c *#.# #. ,..,#..#,..
∆ #.# ##.#######..#
######'#### **
#####.........))####.........
,
.............))..##.........


You could see a deep elf knight, a yaktaur and a friendly centaur warrior
(summoned, drained).

Vanquished Creatures
  A frost giant (D:13)
  Snorg (D:12)
  A fire dragon (Lair:6)
  The ghost of Jabob the Martial Artist, a journeyman HuMo of Zin (D:11)
  A yaktaur captain (D:13)
  11 hydras
  An ice dragon (D:14)
  An ogre mage (D:14)
  3 boulder beetles
  A centaur warrior (D:13)
  2 death knights
  3 two-headed ogres
  A two-headed ogre (shapeshifter) (D:12)
  8 death yaks
  4 orc high priests
  Urug (D:10)
  3 unseen horrors
  A swamp dragon (Lair:6)
  Pikel (D:6)
  3 phantasmal warriors
  7 orc knights
  6 ugly things
  6 orc sorcerers
  6 cyclopes
  2 deep elf magi (D:14)
  2 manticores
  14 elephants
  Joseph (D:8)
  An ice statue (D:14)
  7 black mambas
  A merfolk siren (Lair:4)
  2 centaur skeletons
  Psyche (D:8)
  4 gargoyles
  8 torpor snails
  15 cane toads
  11 rime drakes
  An efreet (D:13)
  4 freezing wraiths
  A kobold demonologist (D:13)
  13 komodo dragons
  16 polar bears
  A yaktaur (D:14)
  2 hornets
  5 trolls
  21 dream sheep
  A raiju (Lair:6)
  20 blink frogs
  5 slime creatures (D:13)
  17 wyverns
  2 water elementals (D:13)
  53 yaks
  2 shadows
  2 wraiths
  10 basilisks
  2 steam dragons (Lair:6)
  5 vampire mosquitoes
  5 acid dragons
  8 wargs
  5 nagas (Lair:2)
  14 hell hounds (Lair:6)
  24 water moccasins
  A soldier ant (D:12)
  A swamp drake (Lair:6)
  7 ice beasts
  32 orc warriors
  6 sky beasts
  16 black bears
  An eye of draining (D:11)
  4 phantoms
  8 ogres
  12 centaurs
  36 wolves
  Blork the orc (D:6)
  5 big kobolds
  34 bullfrogs
  A wyvern zombie (D:12)
  A gnoll sergeant (D:12)
  A wyvern skeleton (D:12)
  2 water moccasin zombies
  A scorpion (D:8)
  11 killer bees
  12 wights
  A howler monkey (D:12)
  7 electric eels (D:13)
  3 bullfrog zombies
  7 hounds
  4 jellies
  A bullfrog skeleton (D:13)
  21 orc priests
  18 orc wizards
  9 iguanas
  9 worker ants
  12 hell rats
  A killer bee zombie (D:7)
  A hound zombie (D:8)
  Robin (D:3)
  A worker ant zombie (D:10)
  A howler monkey skeleton (D:11)
  13 adders
  A shadow imp (D:7)
  3 white imps
  4 ufetubi
  2 oozes
  An adder skeleton (D:5)
  3 worms
  3 dart slugs
  3 leopard geckos
  69 orcs
  7 bats
  3 giant cockroaches
  11 goblins
  10 hobgoblins
  6 jackals
  31 kobolds
  4 quokkas
  3 ball pythons
  4 frilled lizards
  A quokka skeleton (D:8)
  9 rats
863 creatures vanquished.

Vanquished Creatures (collateral kills)
  A centaur warrior (D:14)
  A yaktaur (D:14)
  A white imp (D:14)
3 creatures vanquished.

Vanquished Creatures (others)
  A centaur (D:13)
  An orc wizard (Orc:2)
  3 orcs
  33 fungi
  126 plants
164 creatures vanquished.

Grand Total: 1030 creatures vanquished

Notes
Turn   | Place    | Note
-------+----------+-------------------------------------------
     0 | D:1      | dolemite99 the Hill Orc Fighter began the quest for the
                  | Orb.
     0 | D:1      | Reached XP level 1. HP: 19/19 MP: 1/1
    15 | D:1      | Reached skill level 3 in Axes
    69 | D:1      | Reached XP level 2. HP: 19/26 MP: 2/2
   120 | D:1      | Reached skill level 4 in Axes
   595 | D:1      | Reached XP level 3. HP: 31/31 MP: 3/3
  1071 | D:2      | Found a broken altar of Ashenzari.
  1076 | D:2      | Reached skill level 5 in Axes
  1088 | D:2      | Became a worshipper of Ashenzari the Shackled
  1591 | D:2      | Reached XP level 4. HP: 39/39 MP: 4/4
  2101 | D:3      | Reached * piety under Ashenzari
  2102 | D:3      | Noticed Robin
  2118 | D:3      | Reached skill level 6 in Axes
  2137 | D:3      | Killed Robin
  2714 | D:3      | Found a sparkling altar of Nemelex Xobeh.
  2811 | D:4      | Reached XP level 5. HP: 45/45 MP: 5/5
  2850 | D:4      | Reached skill level 7 in Axes
  3002 | D:4      | Found a staircase to the Ecumenical Temple.
  3007 | Temple   | Entered the Ecumenical Temple
  3262 | D:4      | Noticed a phantom
  3357 | D:4      | Killed a phantom
  3358 | D:4      | Reached skill level 8 in Axes
  3358 | D:4      | Reached XP level 6. HP: 25/51 MP: 6/6
  3656 | D:4      | Noticed a two-headed ogre
  3764 | D:5      | Entered Level 5 of the Dungeon
  3776 | D:5      | Reached skill level 9 in Axes
  4205 | D:5      | Reached ** piety under Ashenzari
  4230 | D:5      | Reached XP level 7. HP: 34/57 MP: 7/7
  4500 | D:4      | Found a shimmering blue altar of Sif Muna.
  4878 | D:5      | Reached skill level 10 in Axes
  4914 | D:5      | Found a white marble altar of Elyvilon.
  4914 | D:5      | Found a snail-covered altar of Cheibriados.
  6050 | D:6      | Reached skill level 11 in Axes
  6133 | D:6      | Noticed Pikel
  6159 | D:6      | Killed Pikel
  6160 | D:6      | Reached skill level 12 in Axes
  6160 | D:6      | Reached XP level 8. HP: 48/64 MP: 8/8
  6381 | D:6      | Noticed Blork the orc
  6389 | D:6      | Killed Blork the orc
  6390 | D:6      | Reached skill level 13 in Axes
  6889 | D:7      | Reached skill level 14 in Axes
  6889 | D:7      | Reached XP level 9. HP: 59/70 MP: 9/9
  7314 | D:7      | Reached skill level 5 in Fighting
  7418 | D:7      | Found Entahuuppu's Antique Weapon Shoppe.
  7426 | D:7      | Bought a runed broad axe for 210 gold pieces
  7560 | D:7      | Found a hide-covered altar of Uskayaw.
  8725 | D:8      | Noticed Joseph
  9116 | D:8      | Noticed Psyche
  9119 | D:8      | Killed Psyche
  9298 | D:8      | Found Zin's Purification Station.
  9386 | D:8      | Found a glowing silver altar of Zin.
  9397 | D:8      | Bought a potion of curing for 90 gold pieces
  9434 | D:8      | Killed Joseph
  9435 | D:8      | Reached skill level 10 in Fighting
  9435 | D:8      | Reached XP level 10. HP: 48/94 MP: 10/10
 10174 | D:7      | Reached skill level 5 in Shields
 11171 | D:8      | Found a sparkling altar of Nemelex Xobeh.
 11404 | D:9      | Reached *** piety under Ashenzari
 12168 | D:9      | Found a runed translucent gate.
 12168 | D:9      | Noticed LucyFreshmuffins's ghost (novice DEHu)
 12168 | D:9      | Identified the +7 short sword of the Gnat {venom, rElec rC-
                  | rN++ Will+}
 12169 | D:9      | Found a runed translucent gate.
 12169 | D:9      | Found a runed translucent gate.
 12172 | D:9      | Noticed a kobold demonologist
 12317 | D:10     | Entered Level 10 of the Dungeon
 12817 | D:10     | Reached skill level 5 in Armour
 13730 | D:10     | Noticed Urug
 13738 | D:10     | HP: 3/94 [Urug/+1 broad axe of freezing (4)]
 14505 | D:10     | Reached XP level 11. HP: 85/101 MP: 11/11
 14626 | D:10     | Killed Urug
 14813 | D:11     | Noticed a five-headed hydra
 14855 | D:11     | Noticed a cyclops
 14858 | D:11     | Killed a cyclops
 14991 | D:11     | Noticed an unseen horror
 15042 | D:11     | Found a staircase to the Lair.
 15077 | D:11     | Killed an unseen horror
 15080 | D:11     | Reached skill level 10 in Armour
 15599 | D:11     | Found Wunn's Demolitions Depot.
 15926 | D:10     | Killed a five-headed hydra
 16471 | D:11     | Noticed a five-headed hydra
 16611 | D:10     | Identified the +1 leather armour "Gasch" {Harm rPois Str-3}
 16632 | D:11     | Killed a five-headed hydra
 17100 | Lair:1   | Entered Level 1 of the Lair of Beasts
 17151 | Lair:1   | Reached skill level 5 in Evocations
 17151 | Lair:1   | Reached **** piety under Ashenzari
 17344 | Lair:1   | Reached XP level 12. HP: 86/108 MP: 12/12
 18780 | Lair:2   | Reached skill level 10 in Evocations
 19580 | Lair:2   | Reached skill level 15 in Axes
 19734 | Lair:2   | Reached XP level 13. HP: 114/114 MP: 13/13
 20625 | Lair:2   | Found a staircase to the Snake Pit.
 20932 | Lair:3   | Reached skill level 16 in Axes
 21546 | Lair:3   | Reached skill level 17 in Axes
 22332 | Lair:3   | Found a runed translucent door.
 22839 | Lair:3   | Reached skill level 18 in Axes
 23642 | Lair:3   | Identified the ring of Resumed Hostilities {MP+9 SInv}
 24645 | Lair:4   | Reached XP level 14. HP: 100/127 MP: 14/14
 25290 | D:11     | Bought a condenser vane for 560 gold pieces
 25329 | D:11     | Learned a level 2 spell: Call Imp
 25482 | D:11     | Reached ***** piety under Ashenzari
 25500 | D:11     | Found a runed translucent door.
 25501 | D:11     | Noticed Jabob's ghost (journeyman HuMo)
 25502 | D:11     | Identified the ring of Mautih {Str+4 SInv}
 25588 | D:11     | Found a staircase to the Orcish Mines.
 26285 | D:11     | Killed Jabob's ghost
 27382 | Lair:4   | Found a staircase to the Shoals.
 27906 | Lair:4   | Reached skill level 10 in Shields
 28342 | Lair:5   | Identified the ring of the Castellan {rF+ rCorr Dex+3}
 28830 | Lair:5   | Learned a level 2 spell: Poisonous Vapours
 29589 | Lair:6   | Entered Level 6 of the Lair of Beasts
 29917 | Lair:6   | Reached XP level 15. HP: 125/135 MP: 15/15
 29985 | Lair:6   | Found a staircase to the Slime Pits.
 29985 | Lair:6   | Found a viscous altar of Jiyva.
 30002 | Lair:6   | Identified the +0 scale mail of the Moon Troll {-Cast
                  | Int+7}
 31015 | Lair:6   | Reached skill level 19 in Axes
 32039 | Lair:6   | Reached skill level 20 in Axes
 32045 | Lair:6   | Reduced skill Shields to level 10
 32351 | Lair:6   | Identified Naloddyh's Disquisition on Glacial Dislocation
 32919 | Orc:1    | Entered Level 1 of the Orcish Mines
 33337 | Orc:1    | Paralysed by an orc sorcerer for 3 turns
 33344 | Orc:1    | Reached skill level 21 in Axes
 33483 | Orc:1    | Found Xiezun's Distillery.
 33608 | Orc:1    | Bought a potion of heal wounds for 60 gold pieces
 33608 | Orc:1    | Bought a potion of curing for 36 gold pieces
 33608 | Orc:1    | Bought a potion of curing for 36 gold pieces
 33608 | Orc:1    | Bought a potion of curing for 36 gold pieces
 33608 | Orc:1    | Bought a potion of might for 48 gold pieces
 33608 | Orc:1    | Bought a potion of might for 48 gold pieces
 33608 | Orc:1    | Bought a potion of brilliance for 48 gold pieces
 33608 | Orc:1    | Bought a potion of flight for 36 gold pieces
 33850 | Orc:2    | Entered Level 2 of the Orcish Mines
 34123 | Orc:2    | Found a staircase to the Elven Halls.
 34137 | Orc:2    | Reached skill level 22 in Axes
 34180 | Orc:2    | Found Ezifasuo's General Store.
 34991 | Orc:2    | HP: 4/126 [orc sorcerer/bolt of negative energy (22)]
 35716 | Orc:2    | Found Torivua Etup's Weapon Shop.
 35730 | Orc:2    | Found Levasor's Antique Weapon Shop.
 35732 | Orc:2    | Found Nopsece's Magic Scroll Shoppe.
 35740 | Orc:2    | Bought a scroll of teleportation for 45 gold pieces
 35740 | Orc:2    | Bought a scroll of teleportation for 45 gold pieces
 35740 | Orc:2    | Bought a scroll of teleportation for 45 gold pieces
 35740 | Orc:2    | Bought a scroll of fear for 52 gold pieces
 35745 | Orc:2    | Bought a scroll of silence for 112 gold pieces
 35745 | Orc:2    | Bought 3 scrolls of vulnerability for 337 gold pieces
 35748 | Orc:2    | Bought a scroll of identify for 30 gold pieces
 35748 | Orc:2    | Bought a scroll of identify for 30 gold pieces
 35748 | Orc:2    | Bought a scroll of identify for 30 gold pieces
 35755 | Orc:2    | Bought a scroll of enchant armour for 112 gold pieces
 35766 | Orc:2    | Bought a +5 vorpal arbalest for 404 gold pieces
 35766 | Orc:2    | Bought a +0 dagger for 24 gold pieces
 35883 | D:12     | Noticed Snorg
 35890 | D:12     | Identified the +4 robe of Peek-a-Boo {+Fly Str+2 Int+2}
 35898 | D:12     | Killed Snorg
 35899 | D:12     | Reached XP level 16. HP: 33/143 MP: 16/16
 37414 | D:12     | Found an iron altar of Okawaru.
 37516 | D:13     | HP: 7/147 [death knight/+4 battleaxe (14)]
 40190 | D:13     | Reached skill level 15 in Fighting
 42768 | D:14     | Identified the ring of Enwar {rC+ MP+9}
 43083 | D:14     | Identified the cursed +1 dagger "Naxtoeph" {pain, Int+4}
 43083 | D:14     | Identified the +11 rapier of Peace {antimagic, rElec Dex+3}
                  | (You found it on level 6 of the Lair of Beasts)
 43242 | D:14     | Killed from afar by a deep elf knight

Illustrated notes

Levels and vault maps discovered:
D:1:      psy_arrival_dodecagon, layout_loops_ring, minmay_misc_feat_encased
D:2:      layout_basic, lemuel_crystal_altar
D:3:      layout_rooms, nicolae_overflow_hidden_temple,
          kennysheep_generic_room_11, uniq_robin
D:4:      cheibrodos_barr_body, layout_cave_pods, led_sif_pool,
          minmay_temple_entry_steel_oval
D:5:      layout_gridville, gammafunk_temple_overflow_wave,
          chequers_decorated_corner
D:6:      layout_loops_ring, minmay_statues_item, uniq_pikel, uniq_blork_the_orc
D:7:      layout_basic, overflow_temple_1_default, serial_shops, shop
D:8:      layout_basic, zin_purify, basic_altar, uniq_psyche, uniq_joseph
D:9:      layout_roguey, gammafunk_ghost_nasty_kobolds
D:10:     layout_grid_maze, minmay_parallelograms, uniq_urug
D:11:     layout_cave_pods, minmay_lair_entry_grove, orc_0_dummy,
          gammafunk_ghost_grave, nicolae_blasting_shop, minivault_5
D:12:     hangedman_cross_cluster, layout_rooms, basic_altar, uniq_snorg
D:13:     layout_basic, serial_bayou, serial_bayou_pond_b,
          serial_bayou_crossing, serial_bayou_shore_b, serial_bayou_ford_a,
          serial_bayou_pond_c, serial_bayou_lake_a, wad_scary_box
D:14:     layout_roguey, hangedman_vaults_entry_quadrant_bands, serial_shops,
          nicolae_shop_stone, hangedman_stone_soup, ice2_lemuel
Temple:   regret_index_temple_waves
Lair:1:   layout_long_grid, bh_autumn_forest_stairs,
          chequers_serial_rivers_micro_a, beast_lair_carwin_10
Lair:2:   layout_regular_city, minmay_snake_entry_guardpost_medium,
          lemuel_fruit_fields, grunt_megastairs_2
Lair:3:   nzn_winding_woodlands_huge [nzn_winding_woodlands_5x15_split_checker,
          nzn_winding_woodlands_5x15_sidewinder, nzn_winding_woodlands_5x15_eye,
          nzn_winding_woodlands_5x15_default, nzn_winding_woodlands_5x15_zeroes,
          nzn_winding_woodlands_5x15_pockets, nzn_winding_woodlands_5x15_twine,
          nzn_winding_woodlands_5x15_cabin,
          nzn_winding_woodlands_5x15_lazy_stream,
          nzn_winding_woodlands_5x15_longhouse,
          nzn_winding_woodlands_center_triple_pond,
          nzn_winding_woodlands_center_garden,
          nzn_winding_woodlands_15x15_boxy_spiral], layout_regular_city,
          gauntlet_entry_generic, pf_torpor_hydra
Lair:4:   layout_cave_pods, elwin_shoals_entry_rooms, special_room
          [special_room_mythical_zoo]
Lair:5:   layout_concentric_octagons, grunt_megastairs_4
Lair:6:   guppyfry_lair_end_dragon, layout_layer_cave,
          hangedman_lair_caniforms_friends, slime_altar_1,
          minmay_lair_oklob_chamber, grunt_megastairs_5
Orc:1:    layout_diamond_mine, serial_shops, shop_coins, uniq_erolcha
Orc:2:    st_orc_elflike, layout_diamond_mine

Skill      XL: |  1  2  3  4  5  6  7  8  9 10 11 12 13 14 15 16 |
---------------+-------------------------------------------------+-----
Axes           | 3 4 5 6 8 9 12 14 15 18 22 | 22.6
Fighting       | 10 12 13 15 | 15.6
Shields        | 7 12 6 |  6.7
Armour         | 6 10 11 12 13 | 13.9
Evocations     | 6 11 | 11.4

Action                   |  1- 3 |  4- 6 |  7- 9 | 10-12 | 13-15 | 16-18 || total
-------------------------+-------+-------+-------+-------+-------+-------++-------
Melee: War axe           |   136 |   136 |   168 |       |       |       ||   440
       Broad axe         |       |       |   121 |   555 |   948 |       ||  1624
       Flail             |       |       |       |    27 |    45 |       ||    72
       Executioner's axe |       |       |       |       |    31 |   317 ||   348
Throw: Stone             |    16 |    11 |       |       |       |       ||    27
       Dart              |       |     5 |    21 |    40 |       |       ||    66
       Javelin           |       |       |       |     7 |    29 |       ||    36
       Boomerang         |       |       |       |       |   145 |    49 ||   194
Invok: Curse Item        |     2 |       |       |     2 |     1 |       ||     5
       Scrying           |       |       |       |       |     1 |       ||     1
       Transfer Knowledg |       |       |       |       |     2 |       ||     2
 Abil: Evoke Flight      |       |       |       |       |       |     2 ||     2
       Stop Flying       |       |       |       |       |       |     1 ||     1
Evoke: Wand              |       |       |       |    14 |    69 |    33 ||   116
       Condenser vane    |       |       |       |       |     5 |     1 ||     6
       Tin of tremorston |       |       |       |       |       |     3 ||     3
       Phantom mirror    |       |       |       |       |       |     1 ||     1
  Use: Potion            |       |     2 |     5 |     3 |     7 |     7 ||    24
       Scroll            |       |     8 |     5 |    12 |    19 |       ||    44
 Stab: Invisible         |       |       |       |       |       |     3 ||     3
       Distracted        |       |       |       |       |       |     1 ||     1
Armor: Scale mail        |    69 |    31 |       |       |       |       ||   100
       Chain mail        |       |    33 |   131 |   155 |       |       ||   319
       Skin              |       |       |    11 |       |       |       ||    11
       Plate armour      |       |       |       |   263 |   543 |   160 ||   966
Dodge: Dodged            |    57 |    40 |    59 |   195 |   332 |    97 ||   780
Block: Kite shield       |    90 |    77 |   151 |   454 |   678 |       ||  1450

Table legend: (Time is in decaauts)
 A = Elapsed time spent in this place.
 B = Non-inter-level travel time spent in this place.
 C = Inter-level travel time spent in this place.
 D = Time resting spent in this place.
 E = Time spent auto-exploring this place.
 F = Levels seen in this place.
 G = Mean time per level.
                   A        B        C        D        E       F      G
               +--------+--------+--------+--------+--------+-----+--------+
         Total |  43509 |  42011 |   1498 |  20101 |  13814 |  23 | 1891.7 |
       Dungeon |  25860 |  25023 |    837 |  12686 |   7733 |  14 | 1847.1 |
        Temple |    127 |    112 |     15 |      0 |    111 |   1 |  127.0 |
          Lair |  14631 |  14143 |    488 |   6223 |   5102 |   6 | 2438.5 |
  Orcish Mines |   2889 |   2731 |    158 |   1190 |    867 |   2 | 1444.5 |
               +--------+--------+--------+--------+--------+-----+--------+

Top non-repeatable levels by time:
    D:13: 4110 daAuts
  Lair:3: 3952 daAuts
    D:10: 3696 daAuts
  Lair:6: 3098 daAuts
     D:7: 2904 daAuts
    D:11: 2787 daAuts
  Lair:2: 2669 daAuts
  Lair:4: 2337 daAuts
     D:5: 1985 daAuts
   Orc:2: 1949 daAuts
     D:8: 1688 daAuts
    D:12: 1649 daAuts
  Lair:5: 1322 daAuts
  Lair:1: 1251 daAuts
     D:9: 1175 daAuts
